 Dungeon Crawl Stone Soup version 0.28.0 (webtiles) character file.

Game seed: 12228982809136208975

9 psuckher the Sneak (level 2, -2/19 HPs)
             Began as a Gargoyle Delver on Feb 15, 2022.
             Splashed by a jelly's acid (8 damage)
             ... on level 4 of the Dungeon.
             The game lasted 00:02:25 (265 turns).

psuckher the Sneak (Gargoyle Delver)                 Turns: 265, Time: 00:02:25

Health: -2/19      AC:  4    Str: 15    XL:     2   Next: 12%
Magic:  2/2        EV: 11    Int: 10    God:
Gold:   23         SH:  0    Dex: 11    Spells: 1/1 levels left

rFire   . . .      SeeInvis .   a - +0 hand axe
rCold   . . .      Faith    .   (no shield)
rNeg    + . .      Spirit   .   b - +0 leather armour
rPois   ∞          Reflect  .   (no helmet)
rElec   +          Harm     .   (no cloak)
rCorr   .          Rampage  .   i - +2 pair of gloves
Will    .....                   (no boots)
Stlth   +++.......              (no amulet)
HPRegen 0.06/turn               (no ring)
MPRegen 0.08/turn               (no ring)

@: corroded
A: sickness immunity, AC +2, negative energy resistance 1, electricity
resistance, torment resistance 1, petrification resistance
a: no special abilities


You were on level 4 of the Dungeon.
You visited 1 branch of the dungeon, and saw 2 of its levels.

You collected 23 gold pieces.

Inventory:

Hand Weapons
 a - a +0 hand axe (weapon)
Armour
 b - a +0 leather armour (worn)
 i - a +2 pair of gloves (worn)
Jewellery
 e - a ring of ice
 j - an amulet of reflection
Wands
 g - a wand of digging (3)
Scrolls
 c - a scroll of fog
 d - a scroll of magic mapping
 h - a scroll of torment {unknown}
Potions
 f - a potion of haste
 k - a potion of mutation {unknown}


   Skills:
 + Level 3.3 Fighting
 * Level 1.9 Axes
 + Level 1.6 Dodging
 + Level 5.8 Stealth


You had one spell level left.
You didn't know any spells.
Your spell library contained the following spells:

 Spells                   Type           Power      Damage    Failure   Level
 Animate Skeleton         Necr           0%         N/A       43%         1
 Pain                     Necr           0%         1d4       43%         1
 Vampiric Draining        Necr           0%         2d6       80%         3


Dungeon Overview and Level Annotations

Branches:
Dungeon (5/15)
 Temple: D:4-7

Altars:


Innate Abilities, Weirdness & Mutations

You are immune to sickness and miasma.
Your stone body is resilient. (AC +2)
You are immune to poison.
You resist negative energy. (rN+)
You are resistant to electric shocks. (rElec)
You are resistant to unholy torment.
You are immune to petrification.


Message History

The kobold blocks your attack.
The kobold is moderately wounded.
The kobold hits you but does no damage. The kobold closely misses you.
The kobold blocks your attack.
The kobold is moderately wounded.
The kobold hits you but does no damage.
You closely miss the kobold.
The kobold is moderately wounded.
The kobold completely misses you. The kobold blocks your attack.
The kobold is moderately wounded.
The kobold hits you but does no damage.
You hit the kobold.
You kill the kobold!
j - an amulet of reflection;
k - a grey potion
Things that are here:
a +0 short sword; 2 stones; a kobold corpse
Found 2 throwing nets.
Found a book of Vapours.
A dart slug comes into view.
Found a spear.
A jelly comes into view.
As you read the scroll of fear, it crumbles to dust.
You assume a fearsome visage.
The dart slug looks frightened!
The jelly looks frightened!
Cornered, the dart slug turns to fight!
You see here a ring of ice.
You see here a ring of ice.
e - a ring of ice The jelly misses you.
You hit the jelly.
Your attack snaps the jelly out of its fear.
The acid corrodes you!
Your hands burn!
The jelly is moderately wounded.
The jelly barely misses you.
You hit the jelly.
Your hands burn!
The jelly is heavily wounded.
You hit the dart slug but do no damage. The jelly hits you.
You are splashed with acid!
You die...

+# #######.# #..:#...
#####.#J#.## #..
.......@w..##### ..###
#####.##........ ....
#.....####+# ...
####.#8..#.. .# #
#.#....# .#.#.#
#<####.#...#.. .....#
#......##.#)#.
#################.'.#.#.#
.................)#....#.


You could see a jelly and a dart slug.

Vanquished Creatures
  An ufetubus (D:5)
  A dart slug (D:4)
  A kobold (D:4)
3 creatures vanquished.

Notes
Turn   | Place    | Note
-------+----------+-------------------------------------------
     0 | D:5      | psuckher the Gargoyle Delver began the quest for the Orb.
     0 | D:5      | Reached XP level 1. HP: 14/14 MP: 1/1
   184 | D:4      | Reached XP level 2. HP: 18/19 MP: 2/2
   265 | D:4      | Splashed by a jelly's acid

Illustrated notes

Levels and vault maps discovered:
D:4:      layout_basic, minivault_1
D:5:      layout_rooms, mainiacjoe_overflow_chevrons, serial_corexii_hall,
          corexii_hall_statues_l, chequers_hall_statues_wall_a, uniq_duvessa

Action                   || total
-------------------------++-------
Melee: Hand axe          ||    27
  Use: Scroll            ||     1
Armor: Leather armour    ||    21
Dodge: Dodged            ||    25
